Map: Turbo Cruise '84 LE

Players

MadPigeon - Winner!

  • Race: Zerg Zerg
  • Spawn Location: 7:00

Doom

  • Race: Protoss Protoss
  • League: Gold
  • Spawn Location: 3:00

VOD

Have the link to the VOD?

Description

Time

  • Played on: Aug. 15, 2019, 1:27 p.m.
  • Length: 21:46
Show
View Real Time Build Order
Export as new Build Order

MadPigeon Zerg - Winner!

Build Orders: Pool First 

Get SALT Encoding   

  12  0:01  Drone  
  13  0:08  Drone  
  14  0:19  Overlord  
  14  0:23  Extractor  
  14  0:26  Extractor  
  14  0:27  Drone  
  15  0:39  Drone  
  15  0:40  Drone  
  17  0:49  Spawning Pool  
  16  0:53  Drone  
  17  0:58  Drone  
  18  1:18  Hatchery  
  18  1:24  Drone  
  18  1:25  Drone  
  19  1:30  Extractor  
  18  1:46  Queen  
  18  1:50  Zergling x2  
  21  2:00  Zergling x2  
  22  2:13  Overlord  
  22  2:18  Roach Warren  
  21  2:34  Zergling x4  
  23  2:38  Drone  
  23  2:40  Hatchery  
  22  2:46  Zergling x2  
  23  2:52  Lair  
  23  2:59  Drone  
  23  3:00  Extractor  
  23  3:04  Drone  
  24  3:08  Drone  
  24  3:12  Drone  
  26  3:25  Drone  
  26  3:26  Spine Crawler  
  26  3:33  Spine Crawler  
  25  3:38  Drone  
  25  3:39  Drone  
  27  3:51  Drone x2  
  27  3:52  Drone  
  30  3:59  Queen  
  32  4:14  Hydralisk Den  
  31  4:21  Drone x3  
  34  4:27  Drone x3  
  34  4:53  Hydralisk x3  
  40  5:15  Drone  
  40  5:17  Overlord  
  41  5:23  Extractor  
  41  5:27  Burrow  
  40  5:44  Hydralisk x4  
  40  5:48  Drone, Overlord x2  
  49  6:02  Metabolic Boost  
  49  6:09  Hydralisk x4  
  57  6:25  Extractor  
  56  6:26  Extractor  
  56  6:27  Drone x3  
  56  6:28  Drone x3  
  61  6:33  Infestation Pit  
  60  6:46  Spore Crawler, Drone x3  
  62  6:55  Queen  
  62  6:56  Overlord  
  61  7:15  Queen  
  55  7:24  Hydralisk x5  
  55  7:25  Hydralisk  
  62  7:41  Hydralisk x4  
  62  7:44  Queen  
  62  7:56  Drone x3  
  62  7:57  Drone  
  62  7:58  Drone x4  
  70  8:01  Grooved Spines  
  56  8:15  Drone  
  56  8:17  Queen  
  57  8:27  Drone  
  57  8:30  Hydralisk x2  
  57  8:31  Hydralisk x3  
  68  8:40  Hydralisk, Overlord  
  71  8:41  Drone x4  
  71  8:42  Extractor  
  73  8:48  Overlord  
  73  8:49  Overlord  
  73  8:51  Overlord x2  
  73  9:04  Evolution Chamber  
  73  9:05  Drone  
  73  9:06  Evolution Chamber  
  72  9:24  Infestor x2  
  76  9:33  Zerg Missile Weapons Level 1  
  76  9:45  Hatchery  
  75  9:51  Hydralisk  
  75  9:52  Hydralisk x2  
  81  9:53  Drone x2, Zergling x4  
  81  9:54  Zergling x4  
  87  10:16  Neural Parasite  
  87  10:23  Hive  
  87  10:26  Zergling x2  
  87  10:27  Zergling x14  
  87  10:28  Zergling x2  
  96  10:54  Baneling Nest, Drone x2  
  97  11:01  Queen  
  99  11:06  Drone  
  98  11:44  Zergling x2  
  98  11:45  Zergling x16  
  98  11:46  Hydralisk x2, Zergling x4  
  98  11:47  Hydralisk x3  
  108  11:49  Overlord x3  
  118  11:59  Drone  
  119  12:06  Zerg Ground Armor Level 1  
  119  12:08  Muscular Augments  
  119  12:13  Zerg Melee Weapons Level 1  
  119  12:36  Hydralisk x2  
  119  12:37  Hydralisk x7  
  119  12:38  Hydralisk x3  
  113  13:07  Queen  
  94  13:17  Hydralisk  
  94  13:18  Hydralisk x8  
  94  13:19  Hydralisk x2  
  102  13:24  Queen  
  102  13:29  Drone  
  103  13:45  Hydralisk  
  103  13:46  Hydralisk x2  
  109  13:54  Drone x3  
  112  14:05  Hydralisk x4  
  112  14:06  Hydralisk x4  
  86  14:26  Zergling x2  
  86  14:27  Zergling x14  
  86  14:28  Zergling x4  
  84  14:41  Queen  
  86  14:55  Zergling x14  
  86  14:56  Zergling x10  
  86  14:59  Queen  
  100  15:00  Hydralisk  
  95  15:34  Hydralisk x3  
  95  15:35  Hydralisk x6  
  104  15:48  Drone x2  
  104  15:49  Drone  
  107  15:53  Hydralisk  
  95  16:15  Drone x3  
  98  16:25  Zerg Missile Weapons Level 2  
  98  16:26  Zerg Ground Armor Level 2  
  98  16:32  Baneling x4  
  98  16:33  Baneling x2  
  98  16:46  Lurker Den  
  97  16:56  Extractor  
  97  16:57  Extractor  
  79  17:15  Pneumatized Carapace  
  63  17:18  Hydralisk x6  
  63  17:19  Hydralisk x7  
  63  17:20  Hydralisk x3  
  95  17:51  Zergling x14  
  99  17:52  Zergling x8  
  106  18:15  Hatchery  
  105  18:41  Zerg Melee Weapons Level 2  
  105  18:44  Lurker x4  
  105  18:45  Lurker x5  
  114  18:51  Drone, Hydralisk x5  
  114  18:54  Hydralisk x5  
  135  18:57  Hydralisk x2, Overlord x5  
  135  18:58  Overlord  
  95  19:37  Hydralisk x5  
  95  19:38  Hydralisk x5  
  97  19:40  Zergling x12  
  97  19:41  Zergling x2  
  110  19:52  Drone x3  
  113  20:00  Extractor  
  112  20:08  Adaptive Talons  
  112  20:11  Pathogen Glands  
  112  20:33  Zergling x6  
  112  20:34  Roach x7  
  112  20:35  Roach x6  
Show
View Real Time Build Order
Export as new Build Order

Doom Protoss 

Build Orders:  

Get SALT Encoding   

  12  0:03  Probe  
  13  0:16  Probe  
  14  0:23  Pylon  
  14  0:28  Probe  
  15  0:39  Probe  
  15  0:42  Assimilator  
  16  0:47  Probe  
  16  0:56  Probe  
  18  1:08  Probe  
  19  1:16  Gateway  
  19  1:20  Probe  
  20  1:40  Assimilator  
  20  1:44  Pylon  
  20  2:04  Nexus  
  20  2:05  Zealot  
  22  2:11  Probe  
  22  2:13  Cybernetics Core  
  23  2:19  Probe  
  24  2:32  Zealot  
  26  2:52  Warp Gate  
  26  2:59  Adept, Forge  
  28  3:10  Robotics Facility  
  28  3:19  Probe  
  29  3:29  Adept  
  29  3:31  Probe  
  29  3:33  Probe  
  33  3:43  Probe  
  33  3:45  Probe  
  35  3:55  Probe  
  36  3:57  Probe  
  36  4:00  Sentry  
  39  4:07  Probe  
  39  4:09  Probe  
  41  4:19  Probe  
  41  4:22  Probe  
  43  5:22  Pylon  
  43  5:26  Pylon  
  43  5:33  Pylon  
  43  5:41  Protoss Ground Weapons Level 1  
  43  5:53  Gateway  
  43  5:55  Gateway  
  43  5:57  Gateway  
  43  5:58  Gateway  
  43  5:59  Gateway  
  43  6:02  Gateway  
  43  6:05  Gateway  
  43  6:07  Probe x2  
  45  6:19  Probe x2  
  45  6:22  Assimilator  
  47  6:26  Assimilator  
  47  6:31  Probe x2  
  49  6:33  Photon Cannon  
  49  6:36  Photon Cannon  
  49  6:40  Photon Cannon  
  49  6:42  Photon Cannon  
  49  6:43  Probe x2  
  49  6:46  Shield Battery  
  51  6:50  Shield Battery  
  51  6:51  Probe  
  51  6:55  Probe  
  51  6:56  Shield Battery  
  51  7:00  Probe  
  53  7:01  Shield Battery  
  53  7:06  Observer  
  55  7:09  Probe  
  55  7:10  Adept x3  
  62  7:22  Probe  
  58  7:26  Stalker x2  
  58  7:28  Sentry x2  
  58  7:29  Stalker  
  40  7:47  Protoss Shields Level 1  
  40  7:53  Stalker x3  
  40  7:54  Stalker  
  40  7:55  Stalker x2  
  40  7:56  Stalker x2  
  53  8:19  Pylon  
  53  8:24  Pylon, Probe  
  53  8:26  Probe  
  55  8:28  Pylon  
  55  8:32  Immortal  
  59  8:36  Probe  
  59  8:38  Probe  
  61  8:48  Probe  
  62  8:50  Probe  
  62  8:52  Stalker x2  
  67  9:00  Probe  
  67  9:01  Pylon  
  67  9:02  Probe  
  69  9:09  Twilight Council  
  69  9:11  Immortal  
  69  9:12  Probe  
  69  9:14  Probe  
  75  9:24  Probe  
  75  9:26  Probe  
  77  9:38  Protoss Ground Weapons Level 2  
  77  9:44  Stargate  
  77  9:54  Stalker x4  
  77  9:55  Stalker x3  
  91  10:11  Photon Cannon  
  91  10:28  Nexus  
  91  10:36  Pylon  
  91  10:38  Warp Prism  
  93  10:56  Blink  
  93  10:59  Pylon  
  93  11:03  Pylon  
  93  11:15  Sentry  
  93  11:16  Sentry x3  
  101  11:19  Sentry  
  101  11:23  Stalker, Sentry  
  101  11:24  Stalker  
  109  11:43  Stalker  
  109  11:44  Stalker x2  
  115  12:03  Void Ray  
  119  12:11  Protoss Shields Level 2  
  119  12:16  Probe x3  
  122  12:24  Pylon  
  122  12:28  Probe x3  
  122  12:29  Pylon  
  125  12:31  Assimilator  
  125  12:33  Assimilator  
  125  12:40  Probe x3  
  124  12:52  Probe x3  
  117  13:04  Probe x3  
  80  13:26  Stalker x3  
  80  13:27  Stalker x4  
  88  13:28  Stalker  
  96  13:39  Warp Prism  
  98  13:47  Probe x3  
  101  13:59  Probe x3  
  102  14:11  Probe  
  102  14:15  Warp Prism  
  71  14:47  Stalker x4  
  71  14:48  Stalker x3  
  71  14:49  Stalker  
  71  14:51  Immortal  
  68  15:30  Stalker x3  
  68  15:31  Immortal  
  50  15:45  Stalker x2  
  50  15:46  Stalker x2  
  50  15:48  Stalker  
  54  16:22  Protoss Ground Armor Level 1  
  54  16:25  Stalker  
  54  16:26  Stalker x3, Nexus  
  54  16:27  Stalker x2  
  54  16:28  Stalker x2  
  70  16:42  Observer  
  70  16:45  Void Ray  
  75  17:01  Stalker x2, Sentry  
  77  17:04  Sentry  
  65  17:28  Void Ray  
  69  17:47  Pylon  
  69  17:49  Pylon  
  69  18:24  Stalker x3  
  69  18:25  Stalker  
  69  18:26  Stalker  
  79  18:27  Stalker x2  
  83  18:46  Probe  
  84  18:52  Probe  
  84  18:53  Probe  
  86  18:58  Probe  
  87  19:04  Probe  
  87  19:05  Probe  
  87  19:10  Probe  
  87  19:16  Probe  
  90  19:17  Probe  
  90  19:22  Probe  
  87  19:29  Probe x2  
  78  19:34  Probe  
  79  19:48  Stalker x4  
  79  19:49  Stalker  
  89  20:02  Probe  
  90  20:12  Stalker, Sentry  
  94  20:14  Probe  
  95  20:27  Probe  
  96  20:39  Probe  
  96  20:42  Stalker  
  99  20:43  Stalker x2  
  103  20:51  Probe  
  96  21:07  Stalker x2  
  96  21:08  Stalker  
Tags
 
League
Gold
Matchup
PvZ
Opening
Pool First
Spawn Locations
Cross Positions
Add a new tag
Caveats
  • Supply blocks, unpowered buildings, or Contaminate may cause inaccurate times.
  • Supply counts are checked every 10 seconds.